 Dungeon Crawl Stone Soup version 0.21.1-1-g345015fe64 (webtiles) character file.

613 Dosinius the Covert (level 7, -8/36 HPs)
             Began as a Spriggan Assassin on June 16, 2018.
             Mangled by an ogre
             ... wielding a +0 giant spiked club
              (27 damage)
             ... on level 4 of the Dungeon.
             The game lasted 00:45:13 (5954 turns).

Dosinius the Covert (Spriggan Assassin)             Turns: 5954, Time: 00:45:14

Health: -8/36      AC:  4    Str:  7    XL:     7   Next: 20%
Magic:  17/17      EV: 21    Int: 12    God:
Gold:   181        SH:  0    Dex: 20    Spells: 6/6 levels left

rFire    . . .     SeeInvis +   a - +2 dagger
rCold    . . .     Gourm    .   (shield restricted)
rNeg     . . .     Faith    .   c - +1 robe
rPois    .         Spirit   .   (helmet restricted)
rElec    .         Reflect  .   v - +0 cloak
rCorr    .         Harm     .   (gloves unavailable)
MR       +....                  (boots unavailable)
Stlth    ++++......             (no amulet)
HPRegen  0.12/turn              p - ring of magical power
MPRegen  0.15/turn              (no ring)

@: very quick
A: very small, unfitting armour, see invisible, herbivore, speed 3, slow
metabolism 2
a: no special abilities


You were on level 4 of the Dungeon.
You were not hungry.

You visited 1 branch of the dungeon, and saw 4 of its levels.

You collected 181 gold pieces.

Inventory:

Hand Weapons
 a - a +2 dagger (weapon)
 b - a +0 blowgun
 s - a +0 short sword
Missiles
 f - 2 curare-tipped needles
Armour
 c - a +1 robe (worn)
 v - a +0 cloak (worn)
Jewellery
 p - a ring of magical power (left hand)
 w - a cursed ring of teleportation {unknown}
Wands
 l - a wand of disintegration (16)
 t - a wand of scattershot (2)
Scrolls
 h - a scroll of teleportation {unknown}
 i - a scroll of magic mapping {unknown}
 j - a scroll of enchant weapon {unknown}
 k - 2 scrolls of enchant armour
 m - 2 scrolls of fog
 n - a scroll of remove curse
 o - 2 scrolls of identify
 q - a scroll of immolation {unknown}
Potions
 d - 2 potions of magic {unknown}
 r - a potion of heal wounds
Books
 u - a book of Callings

   Spells                             Type                      Level
   a - Summon Small Mammal            Summoning                    1
   b - Call Imp                       Summoning                    2
   c - Call Canine Familiar           Summoning                    3
   d - Summon Guardian Golem          Hexes/Summoning              3
   e - Summon Lightning Spire         Summoning/Air                4
   f - Summon Ice Beast               Ice/Summoning                4
Comestibles
 g - 3 rations


   Skills:
 + Level 3.1 Fighting
 + Level 4.3 Short Blades
 - Level 3.9 Throwing
 + Level 5.0 Dodging
 * Level 8.1 Stealth


You had 6 spell levels left.
You didn't know any spells.

Dungeon Overview and Level Annotations

Branches:
Dungeon (4/15)
 Temple: D:4-7

Altars:

Annotations:
D:4 1 exclusion


Innate Abilities, Weirdness & Mutations

You are very small and have problems with some larger weapons.
You are too small for most types of armour.
You have supernaturally acute eyesight. (SInv)
You are a herbivore.
You cover ground extremely quickly.
You need consume almost no food.


Message History

Things that are here:
a dagger; an orc corpse
Things that are here:
a leather armour; a tomahawk; an orc corpse Tossing away (i - inventory):
e - 2 poisoned needles (quivered)
Press: ? - help, Shift-Dir - straight line, f/p - ogre
Aim: an ogre, wielding a giant spiked club (almost dead)
You toss away a poisoned needle.
The poisoned needle hits the ogre.
The ogre is almost dead.
A jackal comes into view.
A leopard gecko comes into view.
Tossing away (i - inventory):
e - a poisoned needle (quivered)
Press: ? - help, Shift-Dir - straight line, f/p - ogre
Aim: an ogre, wielding a giant spiked club (almost dead)
You toss away a poisoned needle.
The poisoned needle hits the ogre.
The ogre is almost dead.
The jackal barks!
The leopard gecko hisses angrily.
The ogre hits you with a giant spiked club!!
Ouch! That really hurt!
You die...

#.....# #.....'
######## #.....#
###......# #.....#
..#......########l...#
..#.............#....#
..#.............#....#
..'.............#รท####
..#.....(.....(O@....#
###(...(...(()[......#
.....###########.....#
<....#.....'...#.....#
.....#.....#...#....h#
.....#.....#...#.....#
.....'.....#...#.....'.
.....#.....#...#.....#.
.....#..########


You could see an ogre, a leopard gecko and a jackal.

Vanquished Creatures
  A phantom (D:4)
  An ogre (D:4)
  The ghost of Tovis the Firebug, an amateur DgFE (D:3)
  A howler monkey (D:4)
  Crazy Yiuf (D:3)
  An orc priest (D:4)
  2 orc wizards (D:4)
  2 worker ants (D:4)
  7 adders
  2 oozes
  3 worms (D:2)
  3 leopard geckos
  12 orcs
  3 ball pythons (D:2)
  4 giant cockroaches
  8 hobgoblins
  2 jackals (D:1)
  2 quokkas
  6 bats
  6 frilled lizards
  8 goblins
  3 kobolds (D:2)
  10 rats
89 creatures vanquished.

Notes
Turn   | Place    | Note
-------+----------+-------------------------------------------
     0 | D:1      | Dosinius the Spriggan Assassin began the quest for the Orb.
     0 | D:1      | Reached XP level 1. HP: 10/10 MP: 2/2
   229 | D:1      | Reached skill level 6 in Stealth
   282 | D:1      | Reached XP level 2. HP: 15/15 MP: 3/3
  1044 | D:1      | Reached XP level 3. HP: 4/18 MP: 4/4
  2176 | D:2      | Found a faded altar of an unknown god.
  2360 | D:2      | Reached XP level 4. HP: 22/23 MP: 5/5
  2856 | D:3      | Noticed Tovis's ghost (amateur DgFE)
  3064 | D:3      | Found a runed door.
  3068 | D:3      | Noticed Crazy Yiuf
  3070 | D:3      | Killed Crazy Yiuf
  3245 | D:3      | Reached XP level 5. HP: 27/27 MP: 6/6
  4529 | D:3      | Killed Tovis's ghost
  4529 | D:3      | Reached skill level 7 in Stealth
  4638 | D:4      | Noticed an ogre
  4687 | D:4      | Reached XP level 6. HP: 32/32 MP: 7/7
  5671 | D:4      | Reached skill level 8 in Stealth
  5671 | D:4      | Reached XP level 7. HP: 26/36 MP: 8/8
  5837 | D:4      | Reached skill level 5 in Dodging
  5954 | D:4      | Mangled by an ogre

Skill      XL: |  1  2  3  4  5  6  7 |
---------------+----------------------+-----
Stealth        | 6 7 8 |  8.1
Dodging        | 2 3 4 5 |  5.0
Fighting       | 2 3 |  3.1
Short Blades   | 3 4 |  4.3
Throwing       | 3 |  3.9

Action                   |  1- 3 |  4- 6 |  7- 9 || total
-------------------------+-------+-------+-------++-------
Melee: Dagger            |   170 |   225 |     9 ||   404
Evoke: Wand              |       |     6 |     3 ||     9
  Use: Scroll            |     2 |     2 |       ||     4
       Potion            |     1 |     1 |       ||     2
 Stab: Sleeping          |    11 |     8 |       ||    19
  Eat: Ration            |       |     2 |       ||     2
Armor: Robe              |    22 |    16 |       ||    38
Dodge: Dodged            |   138 |   139 |    10 ||   287
